Map: Blackpink LE

Players

llllllllllll (Elazer) - Winner!

  • Race: Zerg Zerg
  • League: Master
  • Spawn Location: 1:00

True

  • Race: Zerg Zerg
  • League: Master
  • Spawn Location: 7:00

Event: Memes & Dreams Invitational

VOD

Have the link to the VOD?

Description

Time

  • Played on: April 13, 2018, 11:52 p.m.
  • Length: 16:44

All games in this series

Show
View Real Time Build Order
Export as new Build Order

llllllllllll Zerg - Winner!

Build Orders: Hatch First, Zergling Baneling 

Get SALT Encoding   

  12  0:00  Drone  
  13  0:12  Overlord  
  13  0:17  Drone  
  14  0:30  Drone x2  
  16  0:48  Hatchery  
  15  0:51  Drone  
  15  0:55  Drone  
  17  0:58  Drone  
  18  1:10  Extractor  
  17  1:13  Spawning Pool  
  17  1:16  Drone  
  17  1:20  Drone  
  18  1:28  Drone  
  19  1:39  Drone  
  20  1:49  Overlord  
  20  2:00  Zergling x2, Queen x2  
  25  2:01  Drone  
  26  2:11  Drone x2  
  26  2:13  Metabolic Boost  
  28  2:21  Drone  
  28  2:22  Drone  
  30  2:32  Drone x2  
  32  2:40  Hatchery  
  31  2:45  Drone  
  31  2:46  Drone  
  31  2:48  Baneling Nest  
  32  2:54  Overlord  
  32  2:56  Drone  
  33  3:06  Zergling x2  
  33  3:09  Queen  
  33  3:12  Overlord  
  36  3:15  Drone  
  36  3:16  Zergling x4  
  36  3:18  Drone  
  40  3:25  Drone x2  
  41  3:37  Baneling x2  
  41  3:40  Zergling x6  
  41  3:41  Zergling x10  
  49  3:54  Zergling x6  
  52  3:56  Baneling  
  52  3:57  Baneling  
  52  4:01  Overlord  
  52  4:03  Drone x2  
  52  4:05  Evolution Chamber  
  53  4:12  Overlord  
  53  4:13  Drone  
  53  4:14  Drone  
  55  4:17  Drone x3  
  55  4:25  Baneling x2  
  55  4:26  Zergling x2  
  55  4:27  Zergling x14  
  55  4:28  Baneling x3  
  63  4:31  Zergling x2  
  63  4:39  Overlord  
  63  4:41  Zergling x4  
  61  4:47  Queen  
  61  4:48  Zergling x2  
  41  5:00  Zergling x8  
  41  5:04  Baneling  
  41  5:05  Baneling  
  41  5:06  Drone  
  46  5:10  Drone x2  
  46  5:14  Drone  
  48  5:22  Drone x2  
  50  5:28  Overlord  
  50  5:29  Drone  
  50  5:34  Overlord  
  50  5:35  Drone x4  
  55  5:38  Zerg Missile Weapons Level 1  
  55  5:45  Baneling x2  
  55  5:46  Extractor  
  55  5:47  Drone x3, Roach Warren  
  55  5:49  Baneling  
  56  5:55  Baneling  
  55  6:01  Zergling x14  
  58  6:08  Zergling x2  
  58  6:09  Zergling x6  
  55  6:20  Drone  
  55  6:21  Drone x6  
  62  6:39  Drone x3  
  57  6:43  Queen  
  57  6:45  Overlord  
  57  6:47  Roach x4  
  67  6:55  Roach  
  69  7:02  Roach x2  
  69  7:06  Roach  
  75  7:09  Extractor  
  69  7:16  Roach  
  69  7:17  Roach x2  
  69  7:21  Roach x2  
  77  7:26  Roach x4  
  80  7:34  Roach x2  
  80  7:35  Zergling x2  
  80  7:36  Queen, Zergling x8  
  86  7:40  Zergling x2  
  86  7:43  Queen  
  83  7:47  Zergling x4  
  85  7:54  Zergling x2  
  85  7:55  Ravager  
  85  7:57  Overlord, Ravager  
  89  7:58  Zergling x4  
  89  7:59  Overlord  
  89  8:05  Overlord  
  89  8:15  Zergling x12  
  91  8:24  Ravager x2  
  91  8:25  Zergling x10  
  94  8:33  Ravager  
  89  8:36  Ravager  
  89  8:40  Zergling x2, Roach x3  
  88  8:49  Ravager  
  88  8:50  Zergling x8  
  88  8:51  Zergling x2  
  89  8:57  Zergling x6  
  82  9:07  Roach x6  
  74  9:18  Drone x4  
  74  9:19  Drone x2  
  74  9:23  Lair  
  80  9:28  Drone x2  
  82  9:32  Drone  
  82  9:34  Drone  
  84  9:39  Drone x2, Extractor  
  84  9:40  Extractor  
  84  9:43  Drone x2  
  84  9:44  Drone  
  87  9:46  Drone  
  87  9:47  Drone x2  
  87  9:51  Drone  
  85  10:09  Roach  
  85  10:10  Roach x7  
  93  10:15  Roach x5  
  101  10:21  Roach x2  
  101  10:27  Roach  
  105  10:29  Roach x4  
  105  10:32  Overlord  
  113  10:35  Zerg Missile Weapons Level 2  
  113  10:42  Hatchery, Glial Reconstitution  
  112  10:50  Overlord  
  112  10:51  Overlord x2  
  112  10:52  Drone  
  112  10:56  Roach x2  
  117  10:58  Roach  
  117  11:00  Unknown  
  119  11:04  Overlord  
  119  11:10  Overlord  
  119  11:11  Roach  
  119  11:12  Roach x3  
  127  11:21  Overlord x2  
  127  11:22  Roach  
  129  11:29  Roach x6  
  129  11:31  Ravager  
  129  11:32  Ravager x3  
  145  11:38  Overlord x2  
  145  11:46  Roach  
  145  11:47  Roach x2  
  152  11:50  Overlord  
  152  11:51  Overlord  
  152  11:59  Roach  
  152  12:00  Roach x5  
  163  12:06  Roach  
  163  12:07  Roach x3  
  163  12:08  Unknown x2  
  171  12:09  Ravager x3  
  171  12:12  Roach  
  176  12:15  Overlord  
  176  12:17  Roach  
  176  12:18  Roach  
  176  12:21  Roach  
  176  12:22  Roach  
  184  12:25  Roach x2  
  184  12:28  Roach x2  
  191  12:30  Ravager  
  191  12:36  Roach x3  
  198  12:38  Roach  
  198  12:46  Ravager  
  199  12:53  Ravager  
  196  13:11  Roach x3  
  200  13:17  Roach Warren  
  120  13:49  Hatchery  
  107  13:58  Roach  
  107  13:59  Roach x2  
  101  14:30  Hatchery  
  71  15:23  Drone x3  
  55  15:44  Drone x2  
  55  15:47  Hatchery  
  56  16:02  Drone x3  
  49  16:10  Drone x2  
  51  16:13  Spawning Pool  
  51  16:16  Unknown x4  
  51  16:17  Drone  
  51  16:18  Drone  
Show
View Real Time Build Order
Export as new Build Order

True Zerg 

Build Orders: Hatch First, Zergling Baneling 

Get SALT Encoding   

  12  0:01  Drone  
  13  0:12  Overlord  
  13  0:17  Drone  
  14  0:32  Drone x2  
  14  0:34  Drone  
  17  0:51  Hatchery  
  17  0:55  Drone  
  17  1:04  Extractor  
  17  1:06  Drone  
  17  1:13  Spawning Pool  
  17  1:16  Drone  
  17  1:19  Drone  
  18  1:28  Drone  
  19  1:38  Overlord  
  19  2:00  Queen  
  21  2:03  Queen  
  21  2:04  Drone x3  
  21  2:06  Metabolic Boost  
  26  2:11  Drone  
  26  2:14  Drone  
  28  2:24  Zergling x2  
  28  2:26  Drone  
  30  2:37  Hatchery  
  29  2:45  Drone, Baneling Nest  
  29  2:46  Zergling x2  
  29  2:49  Drone  
  31  2:55  Overlord  
  31  2:57  Drone  
  32  2:58  Drone  
  34  3:05  Drone  
  34  3:08  Drone  
  34  3:12  Zergling x2  
  36  3:14  Drone x2  
  36  3:15  Drone  
  36  3:16  Drone  
  40  3:21  Overlord  
  40  3:22  Drone  
  41  3:29  Drone  
  42  3:36  Drone x2  
  42  3:39  Queen  
  46  3:45  Overlord  
  46  3:46  Zergling x2  
  46  3:47  Zergling x10  
  52  3:50  Zergling x2  
  53  4:00  Baneling x2  
  53  4:01  Baneling x2  
  53  4:02  Zergling x6  
  56  4:05  Baneling x2  
  56  4:06  Zergling x2  
  56  4:08  Zergling x2  
  58  4:10  Zergling x2  
  59  4:17  Zergling x2  
  59  4:19  Zergling x2  
  59  4:21  Zergling x2  
  59  4:23  Zergling x2  
  61  4:24  Zergling x4  
  61  4:28  Baneling x2  
  61  4:29  Baneling x2  
  61  4:30  Zergling x2  
  61  4:31  Queen  
  61  4:34  Zergling x4  
  61  4:39  Zergling x2  
  61  4:41  Zergling x2  
  61  4:43  Zergling x2  
  57  4:50  Zergling x2  
  57  4:52  Zergling x2  
  52  4:53  Zergling x2  
  45  5:01  Zergling x4  
  45  5:03  Queen, Zergling x2  
  45  5:04  Zergling x6  
  45  5:05  Baneling  
  45  5:06  Baneling  
  52  5:09  Baneling  
  52  5:12  Zergling x2  
  52  5:13  Zergling x2  
  54  5:15  Zergling x2  
  54  5:20  Zergling x2  
  55  5:21  Zergling x4  
  55  5:24  Zergling x4  
  55  5:25  Zergling x2  
  60  5:28  Baneling x2  
  60  5:37  Drone x3  
  60  5:39  Drone x2  
  60  5:41  Overlord  
  65  5:46  Baneling, Overlord  
  65  5:47  Baneling, Overlord  
  65  5:53  Drone x2  
  66  5:57  Overlord  
  66  5:58  Overlord  
  66  6:00  Drone x2  
  66  6:03  Drone  
  61  6:10  Drone x2  
  63  6:15  Zergling x14  
  63  6:17  Baneling x3  
  63  6:18  Drone x2  
  71  6:21  Drone, Extractor  
  71  6:22  Extractor  
  70  6:26  Roach Warren  
  69  6:37  Zergling x2  
  69  6:38  Zergling x10  
  64  6:42  Baneling x2  
  64  6:43  Baneling  
  64  6:50  Evolution Chamber  
  64  6:51  Drone x2  
  64  6:52  Drone x6  
  64  6:53  Drone  
  71  6:56  Drone  
  71  6:57  Drone  
  71  6:58  Baneling x2  
  71  7:00  Drone  
  74  7:08  Roach x3  
  80  7:12  Roach  
  80  7:13  Roach  
  80  7:15  Roach  
  84  7:20  Roach x2  
  84  7:21  Roach  
  88  7:26  Roach  
  88  7:27  Roach  
  89  7:31  Roach  
  89  7:33  Roach  
  91  7:37  Drone x5  
  92  7:47  Lair  
  92  7:50  Queen  
  93  7:53  Drone x2  
  93  7:54  Extractor  
  93  7:55  Extractor  
  93  7:58  Roach  
  95  7:59  Roach  
  95  8:03  Overlord  
  95  8:05  Overlord  
  97  8:07  Hatchery  
  97  8:08  Roach  
  97  8:10  Overlord  
  97  8:11  Roach  
  97  8:18  Overlord  
  97  8:19  Roach  
  98  8:21  Roach  
  98  8:22  Roach x3  
  98  8:24  Roach  
  98  8:25  Roach  
  108  8:27  Roach  
  108  8:31  Roach  
  108  8:32  Roach  
  102  8:34  Roach x2  
  102  8:38  Roach  
  102  8:41  Roach  
  99  8:43  Roach  
  99  8:46  Roach  
  93  8:53  Roach x2  
  89  8:56  Roach  
  89  8:59  Roach  
  82  9:04  Roach  
  82  9:06  Roach  
  82  9:08  Roach  
  83  9:13  Roach  
  81  9:19  Drone x5  
  81  9:20  Queen  
  88  9:29  Zerg Missile Weapons Level 1  
  88  9:34  Drone x2, Queen  
  88  9:37  Glial Reconstitution  
  92  9:41  Overseer  
  92  9:43  Roach  
  92  9:45  Roach  
  96  9:47  Roach  
  96  9:50  Roach  
  96  9:52  Roach  
  100  9:54  Roach  
  100  9:57  Roach  
  104  10:00  Roach  
  104  10:02  Roach  
  101  10:08  Roach x2  
  101  10:10  Drone  
  105  10:18  Drone  
  105  10:19  Drone x4  
  108  10:36  Hatchery  
  108  10:38  Ravager  
  108  10:40  Ravager x4  
  108  10:41  Roach x2  
  116  10:44  Roach  
  116  10:46  Roach  
  116  10:48  Ravager x2  
  122  10:51  Overlord  
  122  10:53  Roach  
  124  10:58  Roach x2  
  124  10:59  Roach  
  124  11:02  Overlord  
  130  11:09  Roach  
  130  11:11  Roach x3  
  136  11:13  Overlord  
  138  11:23  Zerg Missile Weapons Level 2  
  138  11:24  Ravager  
  139  11:26  Overlord  
  139  11:27  Roach x2  
  139  11:28  Roach  
  139  11:31  Overlord  
  145  11:33  Roach  
  145  11:37  Roach x2  
  151  11:40  Roach  
  151  11:45  Roach x2  
  159  11:47  Roach  
  159  11:48  Roach  
  159  11:51  Roach  
  159  11:52  Roach  
  165  11:55  Roach  
  165  11:57  Roach  
  165  12:00  Ravager x2  
  171  12:01  Overlord  
  171  12:04  Roach  
  171  12:06  Roach  
  175  12:18  Overlord x4  
  175  12:20  Roach  
  175  12:22  Ravager x3  
  180  12:25  Roach  
  180  12:27  Roach  
  184  12:36  Roach x2  
  188  12:37  Roach x3  
  188  12:39  Roach  
  188  12:42  Roach  
  188  12:44  Roach  
  200  13:06  Roach  
  200  13:09  Roach x2  
  200  13:12  Roach x2  
  200  13:13  Roach  
  185  13:21  Roach Warren  
  154  13:37  Zergling x24  
  154  13:51  Hatchery  
  134  14:45  Extractor  
  90  15:24  Drone x2  
Tags
 
Add a new tag
Caveats
  • Supply blocks, unpowered buildings, or Contaminate may cause inaccurate times.
  • Supply counts are checked every 10 seconds.